 Dungeon Crawl Stone Soup version 0.24-a0-520-g8fd06ad (webtiles) character file.

Game seed: 5726059058959510442

191 Spazmo the Grave Robber (level 5, -3/28 HPs)
             Began as a Deep Elf Necromancer on July 23, 2019.
             Slain by a phantom (8 damage)
             ... on level 4 of the Dungeon.
             The game lasted 00:11:49 (3152 turns).

Spazmo the Grave Robber (Deep Elf Necromancer)      Turns: 3152, Time: 00:11:49

Health: -3/28      AC:  4    Str:  5    XL:     5   Next: 41%
Magic:  15/15      EV: 13    Int: 23    God:
Gold:   287        SH:  0    Dex: 15    Spells: 3/15 levels left

rFire    . . .     SeeInvis .   o - +1 whip (elec)
rCold    + . .     Gourm    +   (no shield)
rNeg     . . .     Faith    .   a - +0 robe
rPois    .         Spirit   .   (no helmet)
rElec    .         Reflect  .   (no cloak)
rCorr    .         Harm     .   f - +1 pair of gloves
MR       .....                  (no boots)
Stlth    ++........             d - amulet of the gourmand
HPRegen  0.09/turn              (no ring)
MPRegen  0.14/turn              (no ring)

@: no status effects
A: clever 1, cold resistance 1
a: no special abilities


You were on level 4 of the Dungeon.
You were very full.

You visited 1 branch of the dungeon, and saw 4 of its levels.

You collected 287 gold pieces.

Inventory:

Hand Weapons
 o - a +1 whip of electrocution (weapon)
Missiles
 i - 133 stones (quivered)
Armour
 a - a +0 robe (worn)
 f - a +1 pair of gloves (worn)
Jewellery
 d - an amulet of the gourmand (around neck)
Scrolls
 b - 2 scrolls of teleportation
 g - 3 scrolls of remove curse
 h - 3 scrolls of enchant weapon
 j - a scroll of random uselessness {unknown}
 l - 3 scrolls of identify
Potions
 e - a potion of agility {unknown}
 m - a potion of mutation
 n - a potion of might {unknown}
Comestibles
 c - 6 rations


   Skills:
 - Level 2.4 Dodging
 - Level 2.4 Stealth
 + Level 5.8 Spellcasting
 + Level 6.7 Necromancy


You had 3 spell levels left.
You knew the following spells:

 Your Spells              Type           Power        Failure   Level  Hunger
a - Pain                  Necr           ####         1%          1    None
b - Animate Skeleton      Necr           N/A          1%          1    None
c - Regeneration          Chrm/Necr      ###.......   7%          3    #......
d - Vampiric Draining     Necr           #####.....   1%          3    #......
e - Animate Dead          Necr           N/A          5%          4    ###....

Your spell library contained the following spells:

 Spells                   Type           Power        Failure   Level  Hunger


Dungeon Overview and Level Annotations

Branches:
Dungeon (4/15)
 Temple: D:4-7

Altars:
Dithmenos
Elyvilon
Fedhas

Shops:
D:4 =


Innate Abilities, Weirdness & Mutations

Your mind is acute. (Int +2)
Your flesh is cold resistant. (rC+)


Message History

The phantom blinks!
The phantom hits you.
The phantom blinks!
The phantom blinks!
Found 8 sling bullets.
A hobgoblin zombie comes into view.
The phantom blinks!
The phantom hits you.
You hit the phantom. Lightning courses through the phantom!!
The phantom is heavily damaged.
The phantom hits you!
You hit the phantom but do no damage.
The phantom is heavily damaged.
The phantom hits you!
* * * LOW HITPOINT WARNING * * *
The phantom blinks!
The phantom hits you.
* * * LOW HITPOINT WARNING * * *
The phantom hits you but does no damage.
The phantom hits you!
You die...

....$... .....####
#........ #...# #...#
#...# #...# #.W.#
##+##### #@..#
#......########...####
#......................
#.......#########.#####
#.................##
##'#########.......#
#.# #..........# #. #
#.# ####.##.......# #.#
# #.# #.....#.......#
#.###


You could see a phantom.

Vanquished Creatures
  2 orc wizards (D:3)
  5 adders
  2 oozes (D:2)
  3 worms
  3 dart slugs
  6 leopard geckos
  5 orcs
  3 giant cockroaches
  5 goblins
  7 hobgoblins
  2 jackals (D:2)
  2 quokkas
  4 bats
  2 frilled lizards
  3 kobolds
  10 rats
64 creatures vanquished.

Vanquished Creatures (collateral kills)
  A goblin (D:2)
  A frilled lizard (D:2)
  A rat (D:3)
3 creatures vanquished.

Grand Total: 67 creatures vanquished

Notes
Turn   | Place    | Note
-------+----------+-------------------------------------------
     0 | D:1      | Spazmo the Deep Elf Necromancer began the quest for the
                  | Orb.
     0 | D:1      | Reached XP level 1. HP: 10/10 MP: 6/6
    57 | D:1      | Reached skill level 5 in Necromancy
   227 | D:1      | Reached XP level 2. HP: 13/15 MP: 5/8
   230 | D:1      | Learned a level 1 spell: Animate Skeleton
   854 | D:2      | Reached XP level 3. HP: 13/19 MP: 2/10
   917 | D:2      | Found a white marble altar of Elyvilon.
  1147 | D:2      | Learned a level 3 spell: Regeneration
  1151 | D:2      | Learned a level 3 spell: Vampiric Draining
  1245 | D:2      | Reached XP level 4. HP: 12/24 MP: 9/12
  1401 | D:2      | Found a faded altar of an unknown god.
  1420 | D:2      | Reached skill level 6 in Necromancy
  1468 | D:2      | Gained mutation: Your flesh is cold resistant. (rC+)
                  | [potion of mutation]
  1468 | D:2      | Gained mutation: Your mind is acute. (Int +2) [potion of
                  | mutation]
  1468 | D:2      | Gained mutation: You are clumsy. (Dex -2) [potion of
                  | mutation]
  1468 | D:2      | Lost mutation: You are clumsy. (Dex -2) [potion of
                  | mutation]
  1945 | D:3      | Reached skill level 5 in Spellcasting
  2013 | D:3      | Reached XP level 5. HP: 16/28 MP: 4/14
  2707 | D:3      | Found a shadowy altar of Dithmenos.
  2935 | D:4      | Found a blossoming altar of Fedhas.
  2944 | D:4      | Found Jeavon's Jewellery Emporium.
  3025 | D:4      | Learned a level 4 spell: Animate Dead
  3130 | D:4      | Noticed a phantom
  3152 | D:4      | Slain by a phantom

Levels and vault maps discovered:
D:1:      saegor_arrival_miasma, layout_basic
D:2:      layout_rooms, lemuel_crystal_altar, chequers_ecumenical_altar_simple
D:3:      layout_loops_ring, marbit_many_paths
D:4:      layout_basic, nicolae_tso_besieged_by_evil, led_xom_imps,
          grunt_temple_overflow_forces_of_nature, serial_shops, shop,
          first_ration

Skill      XL: |  1  2  3  4 |
---------------+-------------+-----
Necromancy     | 5 6 |  6.7
Spellcasting   | 4 5 |  5.8
Dodging        | |  2.4
Stealth        | |  2.4

Action                   |  1- 3 |  4- 6 || total
-------------------------+-------+-------++-------
Melee: Dagger            |     9 |     5 ||    14
       Whip              |       |    15 ||    15
Throw: Stone             |     2 |       ||     2
 Cast: Pain              |    50 |    65 ||   115
       Animate Skeleton  |     6 |    10 ||    16
       Regeneration      |     2 |       ||     2
       Vampiric Draining |       |     5 ||     5
  Use: Scroll            |     3 |     3 ||     6
       Potion            |       |     2 ||     2
 Stab: Sleeping          |       |     1 ||     1
  Eat: Chunk             |    14 |     7 ||    21
Armor: Robe              |     6 |     6 ||    12
Dodge: Dodged            |    16 |    26 ||    42

Table legend:
 A = Non-vault XP
 B = Vault XP
 C = Vault XP percentage of total XP
 D = Non-vault monster count
 E = Vault monster count
 F = Vault count percentage of total count
                 A         B        C        D         E       F
            +---------+---------+-------+---------+---------+-------
      Total |     271 |       2 |   0.7 |      66 |       1 |   1.5
            +---------+---------+-------+---------+---------+-------
        D:1 |      31 |       0 |   0.0 |      17 |       0 |   0.0
        D:2 |      82 |       0 |   0.0 |      25 |       0 |   0.0
        D:3 |     142 |       2 |   1.4 |      22 |       1 |   4.3
        D:4 |      16 |       0 |   0.0 |       2 |       0 |   0.0
            +---------+---------+-------+---------+---------+-------
